Map: Tokamak LE

Players

SubN - Winner!

  • Race: Zerg Zerg
  • League: Diamond
  • Spawn Location: 1:00

TEMPLARIOX

  • Race: Zerg Zerg
  • League: Platinum
  • Spawn Location: 7:00

VOD

Have the link to the VOD?

Description

Time

  • Played on: July 30, 2025, 2:13 p.m.
  • Length: 3:01
Show
View Real Time Build Order
Export as new Build Order

SubN Zerg - Winner!

Build Orders: Pool First 

Get SALT Encoding   

  12  0:00  Drone  
  13  0:11  Drone  
  14  0:17  Extractor  
  13  0:28  Spawning Pool  
  12  0:55  Hatchery  
  11  1:15  Queen  
  13  1:29  Metabolic Boost  
  13  1:36  Overlord  
  13  1:43  Zergling x2  
  14  1:55  Zergling x4  
  14  2:00  Zergling x2  
  17  2:09  Zergling x2  
  17  2:10  Zergling x2  
  19  2:21  Zergling x2  
  19  2:22  Zergling x2  
  23  2:35  Zergling x2  
Show
View Real Time Build Order
Export as new Build Order

TEMPLARIOX Zerg 

Build Orders: Pool First 

Get SALT Encoding   

  12  0:19  Spawning Pool  
  11  0:22  Drone  
  12  0:30  Drone, Extractor  
  12  0:39  Drone  
  12  0:41  Drone  
  14  0:48  Overlord  
  14  1:06  Queen  
  16  1:18  Zergling x6  
  19  1:30  Zergling x2  
  20  1:40  Zergling x2  
  21  1:53  Zergling x2  
  22  1:56  Hatchery  
  21  2:06  Zergling x2  
  22  2:15  Overlord  
  21  2:42  Zergling x2  
  21  2:43  Zergling x4  
Tags
 
Matchup
ZvZ
Race
Zerg
Replay Pack
Multiplayer
Spawn Locations
Cross Positions
Add a new tag
Caveats
  • Supply blocks, unpowered buildings, or Contaminate may cause inaccurate times.
  • Supply counts are checked every 10 seconds.